 Seeded DCSS version 0.30-a0-241-g1121274140 (webtiles) character file.

Game seed: 5108871418127027609 (custom seed)

85 Hubris850 the Cudgeller (level 4, 0/26 HPs)
             Began as a Tengu Reaver on Oct 10, 2022.
             Killed by nerve-wracking pain
             ... invoked by Grinder
              (12 damage)
             ... on level 3 of the Dungeon.
             The game lasted 00:05:44 (1687 turns).

Hubris850 the Cudgeller (Tengu Reaver)              Turns: 1687, Time: 00:05:44

Health: 0/26       AC:  9    Str: 18    XL:     4   Next: 48%
Magic:  17/17      EV:  7    Int: 20    God:
Gold:   71         SH:  0    Dex: 10    Spells: 4/7 levels left

rFire   + . .      SeeInvis .    a - +10 whip "Moeraraczo" {elec, +Blink rC+ MP+9 Dex-2}
rCold   + + .      Faith    .    (no shield)
rNeg    . . .      Spirit   .    r - +1 chain mail of Mienuetyu {rCorr Str+3 Int+7}
rPois   .          Reflect  .    (helmet restricted)
rElec   .          Harm     .    e - scarf {rC+ rF+}
rCorr   +          Rampage  .    (no gloves)
Will    .....                    (boots unavailable)
Stlth   ..........               (no amulet)
HPRegen 0.24/turn                m - ring of resist corrosion
MPRegen 0.15/turn                (no ring)

@: no status effects
A: beak, talons 3
a: Evoke Blink


You were on level 3 of the Dungeon.
You visited 1 branch of the dungeon, and saw 3 of its levels.

You collected 71 gold pieces.

Inventory:

Hand Weapons
 a - the +10 whip "Moeraraczo" (weapon) {elec, +Blink rC+ MP+9 Dex-2}
   (You found it on level 2 of the Dungeon)

   It occasionally discharges a powerful burst of electricity upon striking a
   foe.
   Dex:       It affects your dexterity (-2).
   rC:        It protects you from cold.
   MP:        It affects your magic capacity (+9).
   +Blink:    It lets you blink.
 l - a +0 mace
Missiles
 c - 2 poisoned darts
Armour
 b - a +0 leather armour
 e - a scarf of resistance (worn)
 r - the +1 chain mail of Mienuetyu (worn) {rCorr Str+3 Int+7}
   (You found it on level 2 of the Dungeon)

   Str:       It affects your strength (+3).
   Int:       It affects your intelligence (+7).
   rCorr:     It protects you from acid and corrosion.
Jewellery
 m - a ring of resist corrosion (left hand)
Scrolls
 g - a scroll of brand weapon {unknown}
 h - 2 scrolls of identify {unknown}
 k - a scroll of amnesia {unknown}
 n - a scroll of immolation {unknown}
 p - 3 scrolls of noise {unknown}
Potions
 d - 5 potions of curing {unknown}
 f - a potion of resistance {unknown}
 i - a potion of heal wounds {unknown}
 j - a potion of brilliance {unknown}
 o - a potion of might {unknown}
 q - a potion of mutation {unknown}


   Skills:
 - Level 2.0 Fighting
 + Level 4.5 Maces & Flails
 + Level 2.7 Armour
 - Level 2.1 Dodging
 + Level 2.0 Spellcasting
 + Level 4.4 Conjurations


You had 4 spell levels left.
You knew the following spells:

 Your Spells              Type           Power      Damage    Failure   Level
a - Kiss of Death         Conj/Necr      40%        2d8       65%         1
b - Momentum Strike       Conj/Tloc      20%        3d8       78%         2

Your spell library contained the following spells:

 Spells                   Type           Power      Damage    Failure   Level
 Hailstorm                Conj/Ice       10%        3d5       95%         3


Dungeon Overview and Level Annotations

Branches:
Dungeon (3/15)

Altars:

Shops:
D:3 !

Annotations:
D:3 Grinder


Innate Abilities, Weirdness & Mutations

You have a beak for a mouth.
You have claws for feet.


Message History

Grinder hits you.
You writhe in agony.
You whack Grinder! Lightning courses through Grinder! Your kick misses Grinder.
Grinder is heavily wounded.
Grinder barely misses you.
You whack Grinder!
Grinder is almost dead.
Grinder blinks!
Casting: Momentum Strike (extremely dangerous; 78% risk of failure)
Confirm with . or Enter, or press ? or * to list all spells.
Okay, then.
There is a fountain of clear blue water here.
Casting: Momentum Strike (extremely dangerous; 78% risk of failure)
Confirm with . or Enter, or press ? or * to list all spells.
The spell is extremely dangerous to miscast (78% risk of failure)!
Continue anyway? [Y]es or [N]o only, please.
The spell is extremely dangerous to miscast (78% risk of failure)!
Continue anyway?
Okay, then.
Grinder blinks!
Throw: 5 darts (poison)
Press: ? - help, Shift-Dir - straight line, f - Grinder
Aim: Grinder (almost dead, 52% to hit)
You throw a poisoned dart. The poisoned dart hits Grinder.
Grinder is poisoned.
Grinder is almost dead.
Grinder says, "Don't move a muscle."
Throw: 4 darts (poison)
Press: ? - help, Shift-Dir - straight line, f/p - Grinder
Aim: Grinder (almost dead, poisoned, 52% to hit)
You throw a poisoned dart. The poisoned dart hits Grinder.
Grinder is almost dead.
Throw: 3 darts (poison)
Press: ? - help, Shift-Dir - straight line, f/p - Grinder
Aim: Grinder (almost dead, poisoned, 52% to hit)
You throw a poisoned dart. The poisoned dart hits Grinder.
Grinder is almost dead.
Grinder gestures at you. Pain shoots through your body!
There is a fountain of clear blue water here.
Grinder gestures at you. Pain shoots through your body!
You die...

..#.# #.#.#
## #.#.# ..
#.#.##
#.###....#
#...⌠.⌠..###
####.∩)....#
#.⌠.⌠?...#
#.@#..#..#
#.5#..#..#
#.(#.## .#
#.(#.##..#
#..(.....#
####.#####
### #.# ..#
#.# #
#.#######.#


You could see Grinder (poisoned).

Vanquished Creatures
  3 adders (D:2)
  2 worms (D:2)
  2 dart slugs
  2 bats
  8 endoplasms
  2 giant cockroaches (D:2)
  6 goblins
  2 hobgoblins
  4 jackals (D:2)
  4 kobolds
  A quokka (D:1)
  3 ball pythons
  3 frilled lizards
  2 rats (D:1)
44 creatures vanquished.

Vanquished Creatures (others)
  A giant cockroach (D:2)
1 creature vanquished.

Grand Total: 45 creatures vanquished

Notes
Turn   | Place    | Note
-------+----------+-------------------------------------------
     0 | D:1      | Hubris850 the Tengu Reaver began the quest for the Orb.
     0 | D:1      | Reached XP level 1. HP: 12/12 MP: 4/4
   284 | D:1      | Reached skill level 1 in Armour
   311 | D:1      | Reached XP level 2. HP: 17/17 MP: 6/6
  1126 | D:2      | Reached XP level 3. HP: 21/21 MP: 7/7
  1196 | D:2      | Identified the +10 whip "Moeraraczo" {elec, +Blink rC+ MP+9
                  | Dex-2}
  1412 | D:2      | Reached XP level 4. HP: 26/26 MP: 8/8
  1420 | D:2      | Learned a level 2 spell: Momentum Strike
  1601 | D:2      | Identified the +1 chain mail of Mienuetyu {rCorr Str+3
                  | Int+7}
  1664 | D:3      | Found Saiwe's Distillery.
  1670 | D:3      | Noticed Grinder
  1687 | D:3      | Killed from afar by Grinder

Illustrated notes

Levels and vault maps discovered:
D:1:      kennysheep_arrival_seaside, layout_basic
D:2:      layout_basic, minmay_pentomino_w4
D:3:      layout_loops_cross, lemuel_doored_altar, serial_shops, shop,
          nicolae_shop_stone, shop_fountains, nicolae_shop_bloodbath_and_beyond,
          uniq_grinder, uniq_natasha, uniq_crazy_yiuf_cottage

Skill      XL: |  1  2  3 |
---------------+----------+-----
Armour         | 1 2 |  2.7
Maces & Flails | 4 |  4.5
Fighting       | |  2.0
Dodging        | |  2.1
Spellcasting   | |  2.0
Conjurations   | |  4.4

Action                   |  1- 3 |  4- 6 || total
-------------------------+-------+-------++-------
Melee: Mace              |    82 |       ||    82
       Kick              |    19 |     2 ||    21
       Peck              |    10 |     4 ||    14
       Whip              |     7 |    21 ||    28
Throw: Dart              |       |     3 ||     3
 Cast: Kiss of Death     |     1 |       ||     1
       Momentum Strike   |       |     1 ||     1
 Stab: Sleeping          |     1 |     1 ||     2
Armor: Leather armour    |    21 |     2 ||    23
       Chain mail        |       |     1 ||     1
Dodge: Dodged            |    56 |     4 ||    60

Table legend: (Time is in decaauts)
 A = Elapsed time spent in this place.
 B = Non-inter-level travel time spent in this place.
 C = Inter-level travel time spent in this place.
 D = Time resting spent in this place.
 E = Time spent auto-exploring this place.
 F = Levels seen in this place.
 G = Mean time per level.
                   A        B        C        D        E       F      G
               +--------+--------+--------+--------+--------+-----+--------+
         Total |   1702 |   1624 |     78 |     36 |   1256 |   3 |  567.3 |
       Dungeon |   1702 |   1624 |     78 |     36 |   1256 |   3 |  567.3 |
               +--------+--------+--------+--------+--------+-----+--------+

Top non-repeatable levels by time:
     D:1: 1073 daAuts
     D:2: 586 daAuts
     D:3: 42 daAuts
